 Dungeon Crawl Stone Soup version 0.31.0-12-g77e489cdc1 (webtiles) character file.

Game seed: 9488149162422780057

1767 Peloso the Carver (level 8, -2/71 HPs)
             Began as a Minotaur Fighter on Feb 29, 2024.
             Slain by Edmund
             ... wielding a +5 heavy flail
              (13 damage)
             ... on level 6 of the Dungeon.
             The game lasted 00:08:29 (6054 turns).

Peloso the Carver (Minotaur Fighter)                Turns: 6054, Time: 00:08:30

Health: -2/71      AC:  7    Str: 21    XL:     8   Next: 80%
Magic:  7/7        EV: 12    Int:  5    God:
Gold:   212        SH:  5    Dex: 12    Spells: 7/7 levels left

rFire   . . .        a - +0 long sword
rCold   . . .        d - +0 buckler
rNeg    . . .        c - +0 acid dragon scales
rPois   .            (helmet restricted)
rElec   .            (no cloak)
rCorr   +            (no gloves)
SInv    .            (no boots)
Will    .....        (no amulet)
Stlth   +            (no ring)
HPRegen 0.31/turn    (no ring)
MPRegen 0.10/turn

%: no passive effects
@: no status effects
A: horns 2, retaliatory headbutt
a: no special abilities


You were on level 6 of the Dungeon.
You visited 1 branch of the dungeon, and saw 6 of its levels.

You collected 212 gold pieces.

Inventory:

Hand Weapons
 a - a +0 long sword (weapon)
 b - a +1 whip of flaming
Armour
 c - +0 acid dragon scales (worn)
 d - a +0 buckler (worn)
 o - a +0 chain mail
Wands
 j - a wand of mindburst (15)
 n - a wand of digging (5)
Scrolls
 g - a scroll of revelation {unknown}
 h - 2 scrolls of identify
 i - a scroll of vulnerability {unknown}
 k - a scroll of teleportation {unknown}
 l - a scroll of amnesia
 m - a scroll of fog {unknown}
Potions
 e - a potion of lignification {unknown}
 f - a potion of curing


   Skills:
 + Level 6.9 Fighting
 + Level 9.0 Long Blades
 + Level 6.0 Armour
 + Level 4.1 Dodging
 + Level 1.2 Stealth
 + Level 6.1 Shields


You had 7 spell levels left.
You didn't know any spells.
Your spell library contained the following spells:

 Spells                   Type           Power      Damage    Failure   Level
 Apportation              Tloc           0%         N/A       63%         1
 Necrotise                Necr           0%         1d4       63%         1
 Sandblast                Erth           0%         2d4       63%         1
 Sting                    Conj/Alch      0%         1d3       63%         1
 Summon Small Mammal      Summ           0%         N/A       63%         1
 Passwall                 Erth           0%         N/A       94%         3
 Stone Arrow              Conj/Erth      0%         3d7       94%         3
 Brom's Barrelling Bould  Conj/Erth      0%         2d3       100%        4
 Haunt                    Necr/Summ      0%         N/A       100%        7
 Borgnjor's Revivificati  Necr           0%         N/A       100%        8
 Death's Door             Necr           0%         N/A       100%        9


Dungeon Overview and Level Annotations

Branches:
Dungeon (6/15)
 Temple: D:4-7

Altars:
Makhleb
Nemelex Xobeh
Xom

Shops:
D:1 (

Annotations:
D:6 Edmund


Innate Abilities, Weirdness & Mutations

You have a pair of horns on your head.
You reflexively headbutt those who attack you in melee.


Message History

Edmund is lightly wounded.
Edmund hits you but does no damage.
You hit Edmund but do no damage. You headbutt Edmund, but do no damage.
Edmund is lightly wounded.
You hit Edmund. Your headbutt misses Edmund.
Edmund is lightly wounded.
You block Edmund's attack.
You hit Edmund but do no damage. Your headbutt misses Edmund.
Edmund is lightly wounded.
Edmund hits you with a +5 heavy flail!
You hit Edmund but do no damage. You headbutt Edmund, but do no damage.
Edmund is lightly wounded.
You closely miss Edmund.
Edmund is lightly wounded.
Edmund hits you with a +5 heavy flail!
You hit Edmund but do no damage. You headbutt Edmund, but do no damage.
Edmund is lightly wounded.
You hit Edmund but do no damage.
Edmund is lightly wounded.
Edmund hits you with a +5 heavy flail!
* * * LOW HITPOINT WARNING * * *
You hit Edmund.
Edmund is moderately wounded.
Edmund misses you.
You barely miss Edmund.
Edmund is moderately wounded.
You barely miss Edmund.
Edmund is moderately wounded.
You block Edmund's attack.
You slash Edmund!
Edmund is heavily wounded.
Edmund hits you with a +5 heavy flail.
* * * LOW HITPOINT WARNING * * *
You slash Edmund! You headbutt Edmund.
Edmund is almost dead.
You hit Edmund but do no damage. You headbutt Edmund.
Edmund is almost dead.
Edmund hits you with a +5 heavy flail!
You die...
Edmund says, "That'll show my brother!"

#
#..########
..........##
.......@@..#
.........#.#
........##
.......##
.......
.....##
#####


You could see Edmund.

Vanquished Creatures
  Pikel (D:5)
  Grinder (D:3)
  Menkaure (D:5)
  A water moccasin (D:5)
  2 ogres (D:5)
  A kobold brigand (D:5)
  A gnoll sergeant (D:4)
  An orc priest (D:4)
  A bombardier beetle (D:4)
  3 hounds
  A jelly (D:4)
  2 sleepcaps
  Natasha (thrice) (D:2)
  10 gnolls
  8 adders
  A shadow imp (D:4)
  5 dart slugs
  2 ribbon worms
  9 orcs
  3 ball pythons
  12 endoplasms
  7 goblins
  5 hobgoblins
  7 jackals
  5 quokkas
  10 bats
  7 frilled lizards
  15 kobolds
  11 rats
136 creatures vanquished.

Notes
Turn   | Place    | Note
-------+----------+-------------------------------------------
     0 | D:1      | Peloso the Minotaur Fighter began the quest for the Orb.
     0 | D:1      | Reached XP level 1. HP: 19/19 MP: 0/0
    39 | D:1      | Reached XP level 2. HP: 18/27 MP: 1/1
   205 | D:1      | Found Etutafis's Weapon Shop.
   306 | D:1      | Reached XP level 3. HP: 29/33 MP: 2/2
   359 | D:1      | Reached skill level 3 in Long Blades
   364 | D:1      | Found a faded altar of an unknown god.
   400 | D:1      | You fall into a shaft and drop 1 floor!
   453 | D:2      | Noticed Natasha
   463 | D:2      | Killed Natasha
   648 | D:2      | Noticed Natasha
   659 | D:2      | Killed Natasha
   660 | D:2      | Reached XP level 4. HP: 8/40 MP: 3/3
  1211 | D:2      | Noticed Natasha
  1269 | D:2      | Killed Natasha
  1270 | D:2      | Reached skill level 4 in Long Blades
  1270 | D:2      | Reached skill level 1 in Dodging
  1270 | D:2      | Reached XP level 5. HP: 27/47 MP: 4/4
  2047 | D:3      | Noticed Grinder
  2062 | D:3      | Paralysed by Grinder for 5 turns
  2069 | D:3      | Killed Grinder
  2070 | D:3      | Reached skill level 5 in Long Blades
  2070 | D:3      | Reached skill level 5 in Armour
  2070 | D:3      | Reached XP level 6. HP: 39/55 MP: 5/5
  2158 | D:3      | Identified the +4 leather armour "Saninle" {^Drain rC++ rN+
                  | Will+}
  2579 | D:3      | Found a burning altar of Makhleb.
  2785 | D:3      | Reached skill level 5 in Shields
  2903 | D:4      | Reached skill level 6 in Long Blades
  2920 | D:4      | Reached skill level 5 in Fighting
  3106 | D:4      | Reached XP level 7. HP: 61/61 MP: 6/6
  3240 | D:4      | Found a sparkling altar of Nemelex Xobeh.
  3480 | D:4      | Found a shimmering altar of Xom.
  3892 | D:5      | Entered Level 5 of the Dungeon
  4259 | D:5      | Noticed Menkaure
  4812 | D:5      | Killed Menkaure
  4813 | D:5      | Reached skill level 7 in Long Blades
  5179 | D:5      | Reached XP level 8. HP: 51/70 MP: 7/7
  5285 | D:5      | Noticed Pikel
  5328 | D:5      | Killed Pikel
  5329 | D:5      | Reached skill level 8 in Long Blades
  5329 | D:5      | Reached skill level 1 in Stealth
  5837 | D:5      | Reached skill level 9 in Long Blades
  6028 | D:5      | Noticed Edmund
  6054 | D:6      | Slain by Edmund

Illustrated notes

Levels and vault maps discovered:
D:1:      lightli_arrival_maybe_door_vault, layout_rooms,
          hellmonk_ecumenical_altar_heavens_door, serial_shops,
          nicolae_shop_hallway_plus, wander_ebering_terrifying_dragon_lair
D:2:      layout_loops_corners, chequers_arboretum, uniq_natasha
D:3:      layout_loops_corners, mainiacjoe_overflow_alcove_1,
          nicolae_the_louvre, uniq_grinder
D:4:      layout_loops_ring, mainiacjoe_overflow_alcove_4,
          brannock_xom_greatest_gift
D:5:      layout_rooms, fedhas_altar_fruit_tree, nicolae_specific_store,
          grunt_ministairs_13, chequers_garden, uniq_edmund, uniq_pikel,
          uniq_menkaure, uniq_crazy_yiuf_cottage
D:6:      nicolae_cairo_tiling_very_big, layout_cave_pods,
          nicolae_tso_carved_into_rock, mainiacjoe_overflow_catwalk_spiral,
          mainiacjoe_overflow_cross_hatched, uniq_eustachio, uniq_jeremiah

Skill      XL: |  1  2  3  4  5  6  7  8 |
---------------+-------------------------+-----
Armour         | 4 5 6 |  6.0
Shields        | 4 5 6 |  6.1
Fighting       | 4 5 6 |  6.9
Long Blades    | 3 4 5 6 7 9 |  9.0
Dodging        | 1 3 4 |  4.1
Stealth        | 1 |  1.2

Action                     |  1- 3 |  4- 6 |  7- 9 || total
---------------------------+-------+-------+-------++-------
  Melee: Long sword        |   100 |   147 |   159 ||   406
         Headbutt          |    14 |    28 |    38 ||    80
    Use: Potion            |       |     3 |     1 ||     4
         Scroll            |       |     1 |     2 ||     3
   Stab: Distracted        |       |       |     1 ||     1
 Armour: Scale mail        |    94 |    27 |       ||   121
         Acid dragon scale |       |    48 |   119 ||   167
  Dodge: Dodged            |    67 |    83 |   109 ||   259
  Block: Buckler           |    29 |    35 |    55 ||   119
